 Seeded DCSS version 0.29-a0-834-g1e95ca9f62 (webtiles) character file.

Game seed: 20220712 (custom seed)

11081 flotson the Fighter (level 11, -2/68 HPs)
             Began as a Demonspawn Delver on July 12, 2022.
             Was an Initiate of Gozag.
             Slain by a thrashing horror (10 damage)
             ... on level 2 of the Abyss.
             The game lasted 00:32:27 (14013 turns).

flotson the Fighter (Demonspawn Delver)            Turns: 14013, Time: 00:32:27

Health: -2/68      AC: 14    Str: 14    XL:     11   Next: 44%
Magic:  7/7        EV: 12    Int: 13    God:    Gozag
Gold:   928        SH:  8    Dex: 10    Spells: 10/10 levels left

rFire   . . .      SeeInvis .   a - +12 pair of quick blades "Gyre" and "Gimble" {protect}
rCold   . . .      Faith    .   (shield currently unavailable)
rNeg    + . .      Spirit   .   E - +0 swamp dragon scales
rPois   +          Reflect  .   (helmet restricted)
rElec   +          Harm     .   G - +2 cloak of Egalitarianism {rElec rPois rN+ Int+2}
rCorr   +          Rampage  .   (no gloves)
Will    .....                   t - +0 pair of boots
Stlth   ++........              (no amulet)
HPRegen 0.21/turn               k - +4 ring of protection
MPRegen 0.10/turn               N - ring "Gomahuul" {+Blink rCorr Int+4}

@: about to teleport
A: horns 1, large bone plates 3, foul stench 1, powered by death 2, [clumsy 2],
[deformed body], [dopey 2], [frail 2], [low MP 3], ([teleportitis 2]), [weak 2]
a: Renounce Religion, Evoke Blink, Potion Petition, Call Merchant, Bribe Branch


You were on level 2 of the Abyss.
You worshipped Gozag.
Gozag was pleased with you.
You visited 2 branches of the dungeon, and saw 10 of its levels.
You visited the Abyss 1 time.
You also visited: Bailey.

You collected 3312 gold pieces.
You spent 2295 gold pieces at shops.
You paid 89 gold pieces to Gozag.

Inventory:

Hand Weapons
 a - the +12 pair of quick blades "Gyre" and "Gimble" (weapon) {protect}
   (You bought it in a shop on level 1 of the Dungeon)

   It grants its wielder temporary protection when it strikes (+7 to AC).
 b - the +8 trident of the Octopus King {venom, rElec rPois}
   (You took it off a hobgoblin in a bailey)

   It poisons the flesh of those it strikes.
   rElec:     It insulates you from electricity.
   rPois:     It protects you from poison.
 c - a +0 broad axe
Missiles
 o - 12 boomerangs
 y - a curare-tipped dart (quivered)
 A - 3 atropa-tipped darts
 L - 17 poisoned darts
Armour
 t - a +0 pair of boots (worn)
 B - a +0 cloak
 E - +0 swamp dragon scales (worn)
 F - a +2 chain mail of cold resistance
 G - the +2 cloak of Egalitarianism (worn) {rElec rPois rN+ Int+2}
   (You acquired it on level 8 of the Dungeon)

   Int:       It affects your intelligence (+2).
   rElec:     It insulates you from electricity.
   rPois:     It protects you from poison.
   rN:        It protects you from negative energy.
 K - a +2 ring mail of fire resistance
Jewellery
 k - a +4 ring of protection (left hand)
 z - a +4 ring of evasion
 J - a ring of willpower
 M - the ring "Exuher" {Will+ Int+4}
   (You took it off a centaur on level 8 of the Dungeon)

   [ring of willpower]

   Int:       It affects your intelligence (+4).
   Will:      It increases your willpower.
 N - the ring "Gomahuul" (right hand) {+Blink rCorr Int+4}
   (You acquired it on level 8 of the Dungeon)

   [ring of resist corrosion]

   Int:       It affects your intelligence (+4).
   +Blink:    It lets you blink.
   rCorr:     It protects you from acid and corrosion.
Wands
 g - a wand of digging (2)
Scrolls
 e - a scroll of fear
 i - a scroll of brand weapon {unknown}
 l - 2 scrolls of immolation
 n - 2 scrolls of summoning
 r - a scroll of poison
 x - a scroll of noise {unknown}
 C - a scroll of vulnerability {unknown}
 H - 2 scrolls of fog
Potions
 f - 2 potions of haste
 j - a potion of lignification
 p - 2 potions of curing
 s - 4 potions of attraction
 v - a potion of flight {unknown}
 w - a potion of experience {unknown}
 D - 2 potions of berserk rage


   Skills:
 + Level 8.0 Fighting
 + Level 5.6 Short Blades
 - Level 1.1(2.9) Axes
 - Level 4.2(4.3) Polearms
 + Level 6.6 Throwing
 + Level 6.6 Armour
 + Level 6.8 Dodging
 - Level 5.0 Stealth
 + Level 7.4 Evocations


You had 10 spell levels left.
You didn't know any spells.
Your spell library contained the following spells:

 Spells                   Type           Power      Damage    Failure   Level
 Apportation              Tloc           0%         N/A       50%         1
 Necrotise                Necr           0%         1d4       50%         1
 Shock                    Conj/Air       0%         1d3       50%         1
 Summon Small Mammal      Summ           0%         N/A       50%         1
 Swiftness                Air            0%         N/A       86%         3
 Vampiric Draining        Necr           0%         2d6       86%         3
 Airstrike                Air            0%         0-1+      99%         4
 Agony                    Necr           0%         N/A       100%        5
 Freezing Cloud           Conj/Ice/Air   0%         6-21      100%        5
 Polar Vortex             Ice            0%         N/A       100%        9
 Simulacrum               Ice/Necr       Unusable   N/A       N/A         6

Dungeon Overview and Level Annotations

Branches:
Dungeon (9/15)             Temple (1/1) D:5            Lair (0/6) D:9
 Bailey (visited)
    Orc: D:9-12

Altars:
Cheibriados
Gozag
Hepliaklqana
Trog

Shops:
D:1 :[(*:


Innate Abilities, Weirdness & Mutations

You have a pair of small horns on your head.
You are completely covered in large bone plates. (SH +8)
You may rarely emit foul miasma when damaged in melee.
You regenerate health from kills.
[You are very clumsy. (Dex -4)]
[Armour fits poorly on your strangely shaped body.]
[You are very dopey. (Int -4)]
[You are very frail. (-20% HP)]
[Your magical capacity is extremely low. (-30% MP)]
[((You are often teleported next to monsters.))]
[You are very weak. (Str -4)]


Message History

A raiju comes into view.
The thrashing horror tramples you but does no damage. x2
The thrashing horror attacks as you move away!
The thrashing horror closely misses you.
The thrashing horror tramples you but does no damage. x3
The raiju bursts into living lightning!
The living lightning hits you. You resist.
The raiju blinks!
The raiju barks!
You hit the raiju.
Your weapon exudes an aura of protection.
You puncture the raiju!
You block the thrashing horror's attack.
The thrashing horror tramples you but does no damage.
The raiju attacks as you move away! The raiju closely misses you.
The thrashing horror misses you.
The thrashing horror closely misses you.
The raiju bursts into living lightning!
The living lightning hits you. You resist.
The living lightning hits the raiju.
The raiju completely resists.
The raiju blinks! x3
The raiju barely misses you. The thrashing horror tramples you!
You stumble backwards!
The thrashing horror attacks as you move away!
The thrashing horror tramples you.
* * * LOW HITPOINT WARNING * * *
The thrashing horror tramples you.
* * * LOW HITPOINT WARNING * * *
The thrashing horror closely misses you.
The thrashing horror tramples you.
* * * LOW HITPOINT WARNING * * *
You hold your ground!
You emit a cloud of foul miasma!
As you read the scroll of teleportation, it crumbles to dust.
You feel strangely unstable.
You feel the power of the Abyss delaying your translocation!
The thrashing horror tramples you.
* * * LOW HITPOINT WARNING * * *
You stumble backwards!
The thrashing horror roars!
The thrashing horror tramples you!
You die...
Your body crumbles into a pile of gold.

... ... ..# # #.# #
##. # # ..# #..# #.#.
# ... . # ## #... ..#
#..##.... # ####..
#.... ...# # #.#.#
.#.# ## ..# ##@.#
##.#.#.#..####.X.# ..
#..##..##.#..#.#
.#......##.##ยง.#...
.#.....#4.X.#h#.#.#.#
## .##.#.hX##....##
...#....##..#..#
.#.#.#.#...# .....#
#........ ##..##


You could see a thrashing horror, a large abomination and a raiju.

Vanquished Creatures
  A two-headed ogre (D:8)
  An orc knight (Bailey)
  2 orc sorcerers (Bailey)
  2 deep elf pyromancers
  Maggie (D:6)
  A troll (D:9)
  Prince Ribbit (D:7)
  A wyvern (D:7)
  6 yaks
  Eustachio (D:4)
  A redback (shapeshifter) (D:8)
  Edmund (D:5)
  Menkaure (D:6)
  2 steam dragons
  2 acid dragons
  3 water moccasins
  Duvessa (D:6)
  2 sky beasts (D:8)
  2 black bears (D:9)
  16 orc warriors
  2 ogres
  3 centaurs
  A phantom (D:5)
  5 kobold brigands
  7 bullfrogs
  A scorpion (D:6)
  4 gnoll sergeants
  4 wights (D:8)
  Dowan (D:6)
  A water moccasin skeleton (D:3)
  7 killer bees
  The ghost of jlumianski the Trooper, a weakling DsFi (D:3)
  3 howler monkeys
  An electric eel (Bailey)
  A bullfrog zombie (D:3)
  A hound (D:6)
  4 orc priests
  A bullfrog skeleton (D:3)
  A gnoll bouda (D:4)
  4 jellies
  An iguana (D:4)
  12 orc wizards
  Natasha (D:2)
  24 gnolls
  9 adders
  A shadow imp (D:7)
  2 white imps
  3 worms
  2 dart slugs (D:2)
  41 orcs
  6 ball pythons
  4 bats
  3 endoplasms
  2 giant cockroaches
  20 goblins
  14 hobgoblins
  A quokka (D:4)
  2 frilled lizards
  23 kobolds
  3 rats
275 creatures vanquished.

Vanquished Creatures (others)
  An orc (D:8)
  A bush (Abyss:2)
  40 fungi
  50 plants
92 creatures vanquished.

Grand Total: 367 creatures vanquished

Notes
Turn   | Place    | Note
-------+----------+-------------------------------------------
     0 | D:5      | flotson the Demonspawn Delver began the quest for the Orb.
     0 | D:5      | Reached XP level 1. HP: 18/18 MP: 1/1
    12 | D:5      | Noticed Edmund
    59 | D:5      | Found a staircase to the Ecumenical Temple.
    62 | D:5      | Noticed an iguana
   320 | D:3      | Gained mutation: You may rarely emit foul miasma when
                  | damaged in melee. [demonic ancestry]
   320 | D:3      | Reached XP level 2. HP: 16/24 MP: 2/2
   487 | D:3      | Identified the +2 robe of Makhleb's Hatred {Dex+3}
   507 | D:3      | Gained mutation: You have a pair of small horns on your
                  | head. [demonic ancestry]
   507 | D:3      | Reached XP level 3. HP: 23/29 MP: 3/3
   694 | D:2      | Reached skill level 1 in Throwing
   818 | D:2      | Reached skill level 1 in Evocations
  1005 | D:3      | Found a snail-covered altar of Cheibriados.
  1005 | D:3      | Found a hazy altar of Hepliaklqana.
  1055 | D:2      | Found a faded altar of an unknown god.
  1304 | D:2      | Reached skill level 1 in Axes
  1304 | D:2      | Reached skill level 1 in Armour
  1344 | D:2      | Gained mutation: You regenerate a little health from kills.
                  | [demonic ancestry]
  1344 | D:2      | Reached XP level 4. HP: 34/35 MP: 4/4
  1429 | D:1      | Found Moho Ped's Assorted Antiques.
  1596 | D:1      | Found Loleror's Book Shoppe.
  1658 | D:1      | Found Duifag's Antique Weapon Shoppe.
  1670 | D:1      | Found Poest's Armour Emporium.
  2105 | D:2      | Reached XP level 5. HP: 42/42 MP: 5/5
  2401 | D:4      | HP: 1/42 [gnoll bouda/+0 whip (10)]
  2721 | D:5      | Reached skill level 1 in Short Blades
  2724 | Temple   | Entered the Ecumenical Temple
  3038 | Temple   | Became a worshipper of Gozag Ym Sagoz the Greedy
  3312 | D:1      | Found Dygead's Book Emporium.
  3925 | D:2      | Noticed Natasha
  3932 | D:2      | Killed Natasha
  3933 | D:2      | Reached skill level 4 in Fighting
  3933 | D:2      | Gained mutation: You regenerate health from kills. [demonic
                  | ancestry]
  3933 | D:2      | Reached XP level 6. HP: 48/48 MP: 6/6
  4476 | D:3      | Found a runed translucent gate.
  4476 | D:3      | Found a runed translucent gate.
  4476 | D:3      | Found a runed translucent gate.
  4477 | D:3      | Noticed jlumianski's ghost (weakling DsFi)
  4507 | D:3      | Killed jlumianski's ghost
  5102 | D:4      | Noticed Eustachio
  5127 | D:4      | Killed Eustachio
  5128 | D:4      | Gained mutation: You are partially covered in large bone
                  | plates. (SH +4) [demonic ancestry]
  5128 | D:4      | Reached XP level 7. HP: 44/55 MP: 7/7
  5718 | D:5      | Killed Edmund
  5719 | D:5      | Reached skill level 5 in Stealth
  6225 | D:6      | Noticed Maggie
  6231 | D:6      | Killed Maggie
  6232 | D:6      | Gained mutation: You are mostly covered in large bone
                  | plates. (SH +6) [demonic ancestry]
  6232 | D:6      | Reached XP level 8. HP: 54/61 MP: 8/8
  6280 | D:6      | Reached skill level 5 in Fighting
  6291 | D:6      | Noticed Duvessa
  6292 | D:6      | Noticed Dowan
  6306 | D:6      | Killed Duvessa
  6308 | D:6      | Killed Dowan
  6455 | D:6      | Noticed Menkaure
  6471 | D:6      | Killed Menkaure
  7177 | D:7      | Found a flagged portal.
  7178 | D:7      | Noticed Prince Ribbit
  7189 | Bailey   | Entered a bailey
  7262 | Bailey   | Reached XP level 9. HP: 68/68 MP: 9/9
  7278 | Bailey   | Noticed an orc knight
  7299 | Bailey   | Killed an orc knight
  7300 | Bailey   | Reached skill level 5 in Evocations
  7360 | Bailey   | Reached skill level 6 in Fighting
  7610 | Bailey   | Reached skill level 5 in Dodging
  8120 | Bailey   | Found an iron altar of Okawaru.
  8121 | Bailey   | Noticed an orc sorcerer
  8121 | Bailey   | Noticed an orc sorcerer
  8248 | Bailey   | Noticed a sixfirhy
  8349 | Bailey   | Noticed a soul eater
  8350 | Bailey   | Killed an orc sorcerer
  8351 | Bailey   | Reached skill level 5 in Throwing
  8351 | Bailey   | Reached skill level 5 in Armour
  8351 | Bailey   | Reached XP level 10. HP: 13/77 MP: 10/10
  8742 | Bailey   | Noticed a rust devil
  8742 | Bailey   | Killed an orc sorcerer
  8945 | D:7      | Killed Prince Ribbit
  9913 | D:7      | HP: 2/77 [acid dragon/splash of acid (38)]
 10361 | D:8      | Noticed a seven-headed hydra
 10370 | D:7      | Reached skill level 7 in Fighting
 10439 | D:8      | Noticed a two-headed ogre
 10761 | D:8      | Killed a two-headed ogre
 10998 | D:8      | Identified the ring "Exuher" {Will+ Int+4}
 11130 | D:8      | HP: 2/79 [seven-headed hydra (6)]
 11147 | D:8      | Acquired 1194 gold pieces
 11149 | D:8      | Acquired the ring "Gomahuul" {+Blink rCorr Int+4}
 11160 | D:8      | HP: 1/79 [seven-headed hydra (4)]
 11188 | D:8      | HP: 2/79 [seven-headed hydra (5)]
 11195 | D:8      | Noticed a deep elf pyromancer
 11622 | D:8      | Acquired the +2 cloak of Egalitarianism {rElec rPois rN+
                  | Int+2}
 11847 | D:1      | Bought the +12 pair of quick blades "Gyre" and "Gimble"
                  | {protect} for 2295 gold pieces
 11847 | D:1      | Found the +12 pair of quick blades "Gyre" and "Gimble"
                  | {protect}
 13049 | D:8      | Reached skill level 5 in Short Blades
 13051 | D:8      | Gained mutation: You are completely covered in large bone
                  | plates. (SH +8) [demonic ancestry]
 13051 | D:8      | Reached XP level 11. HP: 84/84 MP: 11/11
 13099 | D:8      | Killed a deep elf pyromancer
 13191 | D:9      | Found a staircase to the Lair.
 13425 | D:9      | Noticed a deep elf pyromancer
 13700 | D:9      | Killed a deep elf pyromancer
 13701 | D:9      | Reached skill level 8 in Fighting
 13721 | D:9      | Noticed a wizard
 13746 | Abyss:2  | Cast into level 2 of the Abyss (a wizard)
 13841 | Abyss:2  | Noticed a crystal guardian
 13845 | Abyss:2  | Noticed a wretched star
 13864 | Abyss:2  | Noticed an ancient lich
 13874 | Abyss:2  | Noticed a large abomination
 13886 | Abyss:2  | Noticed a bone dragon
 13887 | Abyss:2  | Noticed a large abomination
 13974 | Abyss:2  | Noticed a thrashing horror
 13999 | Abyss:2  | Noticed a large abomination
 14013 | Abyss:2  | Slain by a thrashing horror

Illustrated notes

Levels and vault maps discovered:
D:1:      shiori_shiawase, layout_basic, serial_shops, shop, shop,
          nicolae_shop_statue_plus, shop, shop, kennysheep_boxes
D:2:      layout_basic, shapermc_ecumenical_altar_gd, uniq_natasha
D:3:      layout_basic, chequers_temple_overflow_statue_of_worship,
          gammafunk_ghost_necromancy, columned_hall_lemuel,
          dreamdust_princess_bridge, minmay_misc_feat_square,
          serial_bayou_pond_c
D:4:      layout_loops_ring, minmay_checkerbox, uniq_eustachio
D:5:      layout_loops_ring, minmay_temple_entry_trees,
          nicolae_concentric_dashed_squares_mild, minivault_23, uniq_edmund
D:6:      layout_basic, uniq_menkaure, uniq_maggie, uniq_duvessa
D:7:      layout_gridville, enter_bailey_5, uniq_prince_ribbit1
D:8:      cheibrodos_ideogram_h, layout_rooms
D:9:      layout_rooms, due_lair_maze_entry_diamond, serial_shops,
          nicolae_shop_bloodbath_and_beyond, nicolae_rejected_hall
Temple:   mainiacjoe_temple_cubbyholes
Abyss:2:  base: D:8, evilmike_abyss_exit_plants, hangedman_summoners_spam

Skill      XL: |  1  2  3  4  5  6  7  8  9 10 11 |
---------------+----------------------------------+-----
Dodging        | 2 3 4 5 6 |  6.8
Throwing       | 1 2 3 4 5 6 |  6.6
Evocations     | 1 2 3 4 5 6 7 |  7.4
Axes           | 1 |  1.1
Armour         | 1 2 3 4 5 6 |  6.6
Short Blades   | 1 2 3 4 5 |  5.6
Fighting       | 4 5 6 7 8 |  8.0
Stealth        | 5 |  5.0
Polearms       | 2 4 |  4.2

Action                   |  1- 3 |  4- 6 |  7- 9 | 10-12 || total
-------------------------+-------+-------+-------+-------++-------
Melee: Dagger            |    52 |   191 |   341 |       ||   584
       Spear             |     9 |       |       |       ||     9
       Headbutt          |     3 |    30 |    87 |    57 ||   177
       Punch             |       |     1 |     3 |     4 ||     8
       Trident           |       |       |    23 |   195 ||   218
       Pair of quick bla |       |       |       |   143 ||   143
Throw: Boomerang         |       |     3 |       |       ||     3
       Dart              |       |     1 |     1 |     6 ||     8
Evoke: Wand              |       |       |     4 |     3 ||     7
  Use: Scroll            |       |       |     1 |    25 ||    26
       Potion            |       |       |       |     3 ||     3
 Stab: Sleeping          |     4 |     5 |     2 |     2 ||    13
       Paralysed         |       |       |     3 |       ||     3
       Distracted        |       |       |       |     2 ||     2
Armor: Leather armour    |    25 |     1 |       |       ||    26
       Scale mail        |       |    55 |    17 |       ||    72
       Swamp dragon scal |       |       |    61 |   198 ||   259
Dodge: Dodged            |    37 |    69 |   182 |   346 ||   634
Block: Other             |       |       |    62 |   166 ||   228

Table legend: (Time is in decaauts)
 A = Elapsed time spent in this place.
 B = Non-inter-level travel time spent in this place.
 C = Inter-level travel time spent in this place.
 D = Time resting spent in this place.
 E = Time spent auto-exploring this place.
 F = Levels seen in this place.
 G = Mean time per level.
                   A        B        C        D        E       F      G
               +--------+--------+--------+--------+--------+-----+--------+
         Total |  13953 |  12444 |   1509 |   1982 |   7717 |  12 | 1162.8 |
       Dungeon |  11710 |  10331 |   1379 |   1586 |   6622 |   9 | 1301.1 |
        Temple |    243 |    114 |    129 |      0 |    105 |   1 |  243.0 |
         Abyss |    269 |    269 |      0 |     63 |      0 |   1 |  269.0 |
        Bailey |   1730 |   1730 |      0 |    333 |    990 |   1 | 1730.0 |
               +--------+--------+--------+--------+--------+-----+--------+

Top non-repeatable levels by time:
     D:7: 3235 daAuts
  Bailey: 1730 daAuts
     D:3: 1690 daAuts
     D:2: 1473 daAuts
     D:4: 1263 daAuts
     D:8: 1131 daAuts
     D:1: 982 daAuts
     D:6: 910 daAuts
     D:5: 821 daAuts
 Abyss:2: 269 daAuts
  Temple: 243 daAuts
     D:9: 202 daAuts
